 Dungeon Crawl Stone Soup version 0.30.0 (webtiles) character file.

Game seed: 10119853051874070114

96519 Dani the Warrior (level 16, -3/183 HPs)
             Began as an Ogre Delver on May 17, 2023.
             Was an Elder of Okawaru.
             Slain by a vampire mosquito (8 damage)
             ... on level 13 of the Dungeon.
             The game lasted 01:07:28 (31918 turns).

Dani the Warrior (Ogre Delver)                     Turns: 31918, Time: 01:07:28

Health: -3/183     AC:  9    Str: 24    XL:     16   Next: 17%
Magic:  19/19      EV: 17    Int: 13    God:    Okawaru [****..]
Gold:   2527       SH:  5    Dex: 15    Spells: 15/15 levels left

rFire   . . .        a - +6 great mace of Skirmishing {pain, Dex+3}
rCold   . . .        (shield currently unavailable)
rNeg    . . .        O - +0 troll leather armour
rPois   +            t - +3 crown of Dyrovepreva {rElec Int+2 SInv}
rElec   +            v - +1 cloak
rCorr   .            (gloves unavailable)
SInv    +            (boots unavailable)
Will    +....        d - amulet of reflection
Stlth   ++++         j - +4 ring of slaying
HPRegen 1.30/turn    o - ring of poison resistance
MPRegen 0.16/turn

%: reflection
@: heroic, corroded, studying Ice Magic
A: large, unfitting armour, tough skin 1
a: Renounce Religion, Heroism, Finesse


You were on level 13 of the Dungeon.
You worshipped Okawaru.
Okawaru was greatly pleased with you.
You visited 5 branches of the dungeon, and saw 22 of its levels.
You also visited: Bailey and Ice Cave.

You collected 2959 gold pieces.
You spent 432 gold pieces at shops.

Inventory:

Hand Weapons
 a - the +6 great mace of Skirmishing (weapon) {pain, Dex+3}
   (Okawaru gifted it to you on level 1 of the Lair of Beasts)

   Dex:       It affects your dexterity (+3).
 h - a +0 giant spiked club
   (You took it off an ogre on level 6 of the Dungeon)
Missiles
 k - 8 curare-tipped darts
 F - 16 large rocks (quivered)
 G - 4 javelins
 S - 2 silver javelins
 Z - 6 throwing nets
Armour
 t - the +3 crown of Dyrovepreva (worn) {rElec Int+2 SInv}
   (Okawaru gifted it to you on level 3 of the Lair of Beasts)

   Int:       It affects your intelligence (+2).
   rElec:     It insulates you from electricity.
   SInv:      It lets you see invisible.
 v - a +1 cloak (worn)
   (You took it off Crazy Yiuf on level 4 of the Dungeon)
 N - a +2 robe of cold resistance
   (You took it off Fannar on level 10 of the Dungeon)
 O - a +0 troll leather armour (worn)
   (You found it on level 1 of the Orcish Mines)
Jewellery
 c - a ring of protection from cold
   (You found it on level 1 of the Dungeon)
 d - an amulet of reflection (around neck)
   (You found it on level 1 of the Lair of Beasts)
 e - a +4 ring of slaying
   (You found it on level 9 of the Dungeon)
 g - a ring of resist corrosion
   (You found it on level 6 of the Dungeon)
 j - a +4 ring of slaying (left hand)
   (You found it on level 3 of the Dungeon)
 n - a ring of willpower
   (You bought it in a shop on level 7 of the Dungeon)
 o - a ring of poison resistance (right hand)
   (You found it on level 9 of the Dungeon)
 E - a +5 ring of evasion
   (You found it on level 8 of the Dungeon)
 W - a ring of willpower
   (You found it on level 11 of the Dungeon)
Wands
 q - a wand of roots (4)
   (You found it on level 5 of the Lair of Beasts)
 z - a wand of mindburst (40)
   (You found it on level 5 of the Dungeon)
 D - a wand of digging (15)
 I - a wand of polymorph (6)
   (You found it on level 9 of the Dungeon)
 L - a wand of light (6)
   (You found it on level 3 of the Lair of Beasts)
 P - a wand of paralysis (29)
   (You found it on level 11 of the Dungeon)
 V - a wand of flame (8)
   (You took it off Sonja on level 11 of the Dungeon)
Scrolls
 f - 3 scrolls of fog
 l - 2 scrolls of enchant armour
 m - 2 scrolls of enchant weapon
 u - a scroll of fear
 B - a scroll of blinking
 M - 6 scrolls of magic mapping
 R - 2 scrolls of identify {@r1}
 T - 2 scrolls of teleportation
 U - 3 scrolls of vulnerability
 Y - 2 scrolls of poison
Potions
 b - a potion of invisibility
 i - 3 potions of mutation {!q}
 p - a potion of ambrosia
 r - 2 potions of magic
 s - 3 potions of might
 w - 6 potions of lignification
 x - 2 potions of attraction
 y - 4 potions of degeneration
 A - 4 potions of heal wounds
 C - 3 potions of flight
 H - 3 potions of haste
 J - a potion of resistance {unknown}
 K - 2 potions of berserk rage
 Q - 6 potions of curing {@q1}
Miscellaneous
 X - a phial of floods
   (You found it on level 5 of the Lair of Beasts)


   Skills:
 + Level 17.0(22.0) Fighting
 * Level 16.9(21.9) Maces & Flails
 - Level 8.0(13.0) Throwing
 + Level 9.3(14.3) Armour
 + Level 10.2(15.2) Dodging
 - Level 3.7(8.7) Stealth
 - Level 5.0 Invocations


You had 15 spell levels left.
You didn't know any spells.
Your spell library contained the following spells:

 Spells                   Type           Power      Damage    Failure   Level
 Apportation              Tloc           0%         N/A       34%         1
 Freeze                   Ice            0%         1d3       34%         1
 Magic Dart               Conj           0%         1d3       34%         1
 Necrotise                Necr           0%         1d4       34%         1
 Slow                     Hex            0%         N/A       34%         1
 Blink                    Tloc           0%         N/A       45%         2
 Cigotuvi's Dreadful Rot  Necr/Pois/Air  0%         N/A       45%         2
 Lesser Beckoning         Tloc           0%         N/A       45%         2
 Momentum Strike          Conj/Tloc      0%         3d8       45%         2
 Scorch                   Fire           0%         2d5       45%         2
 Sublimation of Blood     Necr           0%         N/A       45%         2
 Wereblood                Tmut           0%         N/A       45%         2
 Confusing Touch          Hex            0%         N/A       71%         3
 Frozen Ramparts          Ice            0%         1d1       71%         3
 Hailstorm                Conj/Ice       0%         3d3       71%         3
 Ignite Poison            Fire/Tmut/Pois 0%         N/A       71%         3
 Mephitic Cloud           Conj/Pois/Air  0%         N/A       71%         3
 Vampiric Draining        Necr           0%         2d6       71%         3
 Cause Fear               Hex            0%         N/A       98%         4
 Flame Wave               Conj/Fire      0%         2d4       98%         4
 Agony                    Necr           0%         N/A       100%        5
 Fireball                 Conj/Fire      0%         3d3       100%        5
 Freezing Cloud           Conj/Ice/Air   0%         6-21      100%        5
 Iskenderun's Battlesphe  Conj           0%         2d6       100%        5
 Conjure Ball Lightning   Conj/Air       0%         3x3d6     100%        6
 Dragon Form              Tmut           0%         N/A       100%        7
 Orb of Destruction       Conj           0%         9d5       100%        7
 Storm Form               Tmut/Air       0%         N/A       100%        7
 Maxwell's Capacitive Co  Air            0%         ∞         100%        8
 Chain Lightning          Conj/Air       0%         N/A       100%        9
 Fire Storm               Conj/Fire      0%         5d1       100%        9
 Shatter                  Erth           0%         3d5*      100%        9
 Summon Small Mammal      Summ           Unusable   N/A       N/A         1
 Call Imp                 Summ           Unusable   N/A       N/A         2
 Summon Lightning Spire   Summ/Air       Unusable   N/A       N/A         4
 Summon Cactus Giant      Summ           Unusable   N/A       N/A         6
 Summon Hydra             Summ           Unusable   N/A       N/A         7
 Dragon's Call            Summ           Unusable   N/A       N/A         9

Dungeon Overview and Level Annotations

Branches:
Dungeon (13/15)            Temple (1/1) D:4            Lair (5/5) D:9
 Shoals (0/4) Lair:3        Snake (1/4) Lair:2        Slime (0/5) Lair:4
    Orc (2/2) D:10            Elf (0/3) Orc:2        Bailey (visited)
  IceCv (visited)
 Vaults: D:13-14

Altars:
Ashenzari
Cheibriados
Dithmenos
Elyvilon
Fedhas
Gozag
Hepliaklqana
Makhleb
Nemelex Xobeh
Okawaru
Ru
Sif Muna
Uskayaw
Vehumet
Wu Jian
Xom
Yredelemnul
Jiyva

Shops:
D:7 *   D:10 [(   Orc:2 ((*[:

Annotations:
D:12 2 exclusions


Innate Abilities, Weirdness & Mutations

You are too large for most types of armour.
You have tough skin. (AC +1)


Message History

The acid dragon claws you but does no damage.
The basilisk bites you but does no damage.
The vampire mosquito bites you but does no damage.
You hit the basilisk.
The basilisk is moderately wounded.
You block the vampire mosquito's attack.
The basilisk misses you. The acid dragon closely misses you.
The acid dragon misses you.
You barely miss the basilisk.
The basilisk is moderately wounded.
The vampire mosquito completely misses you.
A blink frog comes into view.
You block the vampire mosquito's attack.
The basilisk gazes at you.
You are slowing down.
The acid dragon barely misses you. The acid dragon claws you.
* * * LOW HITPOINT WARNING * * *
The vampire mosquito attacks as you move away!
The vampire mosquito bites you.
* * * LOW HITPOINT WARNING * * *
The vampire mosquito draws strength from your injuries!
A red ugly thing comes into view.
The vampire mosquito bites you but does no damage.
Your limbs are stiffening.
Unknown command.
Unknown command.
Unknown command.
You beat the red ugly thing like a drum!!!
The red ugly thing is heavily wounded.
You block the vampire mosquito's attack.
The vampire mosquito bites you but does no damage.
The red ugly thing engulfs you but does no damage.
You have turned to stone.
The vampire mosquito bites you but does no damage.
The vampire mosquito bites you. The red ugly thing engulfs you!
* * * LOW HITPOINT WARNING * * *
You are engulfed in flames!!
* * * LOW HITPOINT WARNING * * *
The vampire mosquito completely misses you.
The vampire mosquito bites you but does no damage.
The red ugly thing engulfs you.
* * * LOW HITPOINT WARNING * * *
You are engulfed in flames!!
* * * LOW HITPOINT WARNING * * *
The vampire mosquito bites you!
* * * LOW HITPOINT WARNING * * *
The red ugly thing completely misses you.
The vampire mosquito bites you!
* * * LOW HITPOINT WARNING * * *
The vampire mosquito bites you but does no damage.
The red ugly thing engulfs you!
* * * LOW HITPOINT WARNING * * *
You are engulfed in flames!
* * * LOW HITPOINT WARNING * * *
The vampire mosquito bites you.
* * * LOW HITPOINT WARNING * * *
The vampire mosquito bites you but does no damage.
The red ugly thing engulfs you but does no damage.
The vampire mosquito bites you!
* * * LOW HITPOINT WARNING * * *
The vampire mosquito bites you.
* * * LOW HITPOINT WARNING * * *
The red ugly thing engulfs you!
* * * LOW HITPOINT WARNING * * *
You are engulfed in flames!
* * * LOW HITPOINT WARNING * * *
The vampire mosquito bites you!
* * * LOW HITPOINT WARNING * * *
The vampire mosquito bites you but does no damage.
The red ugly thing engulfs you but does no damage.
The vampire mosquito bites you.
* * * LOW HITPOINT WARNING * * *
The vampire mosquito bites you!
* * * LOW HITPOINT WARNING * * *
The red ugly thing engulfs you!
* * * LOW HITPOINT WARNING * * *
You are engulfed in flames!
* * * LOW HITPOINT WARNING * * *
The vampire mosquito bites you.
* * * LOW HITPOINT WARNING * * *
The vampire mosquito bites you!
* * * LOW HITPOINT WARNING * * *
The red ugly thing engulfs you but does no damage.
You turn to flesh and can move again.
Unknown command.
Unknown command.
Unknown command.
Unknown command.
You hit the red ugly thing but do no damage.
The red ugly thing is heavily wounded.
You block the vampire mosquito's attack.
The red ugly thing engulfs you.
* * * LOW HITPOINT WARNING * * *
You are engulfed in flames!!
* * * LOW HITPOINT WARNING * * *
The vampire mosquito barely misses you.
You barely miss the red ugly thing.
The red ugly thing is heavily wounded.
The vampire mosquito bites you!
You die...

# #. # #. #.. ##.#.#
.# #..##....# .##..
#?# #..##....#
..#l#.!#
#..##....###.##yD.#
#..##....##.##@#.#...#
#..##....##.#u###..
..# #..##...#..#...#
#... #
#..##...#..#..#.#
###.#
#.......#.##.#...# F
#.##....##.##...##
###.##...#.#.#####..
....##...##.#..# ###
....##...###.##...####


You could see a red ugly thing, a basilisk, an acid dragon and a vampire
mosquito.

Vanquished Creatures
  2 orc warlords
  Snorg (D:10)
  Josephine (Orc:1)
  13 hydras
  Fannar (D:10)
  3 catoblepae (Lair:5)
  A centaur warrior (D:10)
  9 death yaks
  2 two-headed ogres
  A boulder beetle (Lair:2)
  2 naga sharpshooters (Snake:1)
  A shock serpent (Snake:1)
  Sonja (D:11)
  2 skysharks
  Amaemon (D:10)
  A skeletal warrior (D:12)
  4 lindwurms (Lair:5)
  Pikel (D:7)
  2 wolf spiders
  An orc sorcerer (Orc:2)
  3 orc knights
  5 cyclopes
  An ugly thing (IceCv)
  2 manticores
  15 elephants
  Maurice (D:12)
  3 ice statues (IceCv)
  A merfolk siren (Lair:3)
  A guardian serpent (Lair:5)
  A molten gargoyle (Lair:3)
  8 black mambas
  14 cane toads
  An orange demon (D:10)
  A freezing wraith (IceCv)
  A torpor snail (Lair:4)
  10 rime drakes
  2 kobold demonologists
  2 anaconda simulacra (IceCv)
  9 komodo dragons
  3 merfolk (Lair:3)
  6 trolls
  10 polar bears
  3 hornets
  10 blink frogs
  A raiju (Lair:5)
  A raiju (shapeshifter) (D:13)
  A slime creature (D:13)
  22 wyverns
  71 yaks
  3 wraiths (Orc:1)
  18 basilisks
  5 redbacks (Lair:5)
  4 vampire mosquitoes
  7 wargs
  Edmund (D:4)
  2 acid dragons
  2 death yak simulacra (IceCv)
  3 nagas
  24 water moccasins
  14 hell hounds (Lair:5)
  A hydra simulacrum (IceCv)
  Duvessa (D:6)
  47 orc warriors
  3 sky beasts
  6 ogres
  15 black bears
  13 wolves (Lair:5)
  A phantom (D:5)
  12 centaurs
  Blork the orc (D:4)
  7 kobold brigands
  A scorpion (D:7)
  9 bullfrogs
  2 cane toad simulacra (IceCv)
  3 wights (D:9)
  Dowan (D:6)
  2 elephant simulacra (IceCv)
  12 killer bees
  3 howler monkeys
  An electric eel (Lair:3)
  7 jellies
  4 hounds
  A gnoll bouda (D:8)
  10 orc priests
  Crazy Yiuf (D:4)
  A sleepcap (D:6)
  5 iguanas
  15 orc wizards
  7 hell rats
  Robin (D:3)
  23 gnolls
  7 adders
  14 white imps
  3 ufetubi
  A worm (D:3)
  2 dart slugs
  71 orcs
  6 ball pythons
  5 bats
  13 endoplasms
  3 giant cockroaches
  23 goblins
  9 hobgoblins
  3 quokkas
  3 frilled lizards
  75 kobolds
  7 rats
803 creatures vanquished.

Vanquished Creatures (others)
  Nessos (Lair:5)
  An orc wizard (D:7)
  A fire vortex (Lair:3)
  42 fungi
  113 plants
  6 toadstools (D:2)
164 creatures vanquished.

Grand Total: 967 creatures vanquished

Notes
Turn   | Place    | Note
-------+----------+-------------------------------------------
     0 | D:5      | Dani the Ogre Delver began the quest for the Orb.
     0 | D:5      | Reached XP level 1. HP: 24/24 MP: 1/1
    36 | D:5      | Noticed a hound
    42 | D:5      | HP: 2/24 [hound (5)]
    44 | D:5      | Killed a hound
    45 | D:5      | Reached skill level 2 in Maces & Flails
    45 | D:5      | Reached XP level 2. HP: 8/33 MP: 2/2
    45 | D:5      | Reached XP level 3. HP: 10/40 MP: 3/3
   288 | D:5      | Reached skill level 3 in Maces & Flails
   391 | D:5      | Reached XP level 4. HP: 31/49 MP: 4/4
   463 | D:4      | Reached skill level 5 in Fighting
   477 | D:4      | Found a hazy altar of Hepliaklqana.
   571 | D:3      | Noticed Robin
  1794 | D:3      | Found a shadowy altar of Dithmenos.
  1808 | D:3      | Killed Robin
  1809 | D:3      | Reached XP level 5. HP: 42/52 MP: 5/5
  2160 | D:2      | Found a radiant altar of Vehumet.
  2333 | D:2      | Reached skill level 4 in Maces & Flails
  2333 | D:2      | Reached skill level 1 in Armour
  2573 | D:2      | Reached XP level 6. HP: 64/67 MP: 6/6
  2770 | D:2      | Found a faded altar of an unknown god.
  3075 | D:3      | Found a blossoming altar of Fedhas.
  3175 | D:3      | Identified the +12 quarterstaff of Laven {antimagic, SInv
                  | Stlth+}
  3400 | D:4      | Found a staircase to the Ecumenical Temple.
  3408 | D:4      | Noticed Blork the orc
  3409 | Temple   | Entered the Ecumenical Temple
  3429 | Temple   | Became a worshipper of Warmaster Okawaru
  3559 | D:4      | Killed Blork the orc
  3560 | D:4      | Reached skill level 5 in Maces & Flails
  3779 | D:4      | Found a white marble altar of Elyvilon.
  3886 | D:4      | Noticed Edmund
  3892 | D:4      | HP: 16/67 [Edmund/+2 dire flail of protection (16)]
  3895 | D:4      | Killed Edmund
  3895 | D:4      | Reached * piety under Okawaru
  3896 | D:4      | Reached skill level 6 in Maces & Flails
  3896 | D:4      | Reached XP level 7. HP: 15/74 MP: 2/7
  4100 | D:4      | Found a runed translucent door.
  4101 | D:4      | Noticed Crazy Yiuf
  4107 | D:4      | Killed Crazy Yiuf
  4494 | D:4      | Found a shimmering altar of Xom.
  4616 | D:5      | Reached skill level 6 in Fighting
  4950 | D:5      | Reached skill level 1 in Invocations
  5306 | D:5      | Reached skill level 2 in Invocations
  5316 | D:5      | Reached XP level 8. HP: 79/84 MP: 3/9
  5366 | D:5      | Reached ** piety under Okawaru
  5416 | D:5      | Reached skill level 7 in Maces & Flails
  5637 | D:5      | Reached skill level 7 in Fighting
  5825 | D:5      | Reached skill level 3 in Invocations
  6495 | D:6      | Noticed Duvessa
  6512 | D:6      | Noticed Dowan
  6515 | D:6      | Killed Duvessa
  6516 | D:6      | Reached skill level 8 in Maces & Flails
  6516 | D:6      | Reached skill level 4 in Invocations
  6520 | D:6      | Reached skill level 8 in Fighting
  6520 | D:6      | Reached XP level 9. HP: 70/96 MP: 1/12
  6522 | D:6      | Killed Dowan
  7276 | D:7      | HP: 18/97 [orc warrior/bolt (10)]
  7278 | D:7      | HP: 6/97 [orc warrior/+0 glaive (11)]
  7282 | D:7      | Reached skill level 5 in Invocations
  7551 | D:7      | Found Pixzur's Assorted Antiques.
  7555 | D:7      | Reached *** piety under Okawaru
  7556 | D:7      | Reached skill level 9 in Maces & Flails
  7564 | D:7      | Bought a scroll of blinking for 217 gold pieces
  7564 | D:7      | Bought an encrusted wooden ring for 145 gold pieces
  7579 | D:7      | Reached skill level 9 in Fighting
  7586 | D:7      | Noticed Pikel
  7594 | D:7      | Killed Pikel
  7598 | D:7      | Found a flagged portal.
  7778 | Bailey   | Entered a bailey
  7812 | Bailey   | Reached **** piety under Okawaru
  7892 | Bailey   | Reached skill level 10 in Fighting
  7892 | Bailey   | Reached skill level 10 in Maces & Flails
  7892 | Bailey   | Reached XP level 10. HP: 39/110 MP: 4/13
  8167 | Bailey   | Reached skill level 2 in Dodging
  8336 | Bailey   | Noticed an orc knight
  8370 | Bailey   | Killed an orc knight
  8371 | Bailey   | Reached skill level 2 in Armour
  8642 | D:7      | HP: 24/111 [orc/+0 morningstar (7)]
  9456 | D:7      | Found a radiant altar of Vehumet.
  9457 | D:7      | Found a sparkling altar of Nemelex Xobeh.
  9458 | D:7      | Found a snail-covered altar of Cheibriados.
  9886 | D:8      | Found a basalt altar of Yredelemnul.
  9887 | D:8      | Found an ornate altar of the Wu Jian Council.
 10031 | D:8      | Reached skill level 3 in Dodging
 10317 | D:8      | Reached ***** piety under Okawaru
 10320 | D:8      | Reached skill level 3 in Armour
 10334 | D:8      | Reached skill level 11 in Fighting
 10695 | D:8      | Reached skill level 11 in Maces & Flails
 10697 | D:8      | Noticed a cyclops
 10697 | D:8      | Noticed a cyclops
 10702 | D:8      | Killed a cyclops
 10706 | D:8      | Killed a cyclops
 10707 | D:8      | Reached skill level 4 in Dodging
 10707 | D:8      | Reached XP level 11. HP: 72/120 MP: 2/14
 11452 | D:9      | HP: 29/120 [yak (2)]
 11959 | D:9      | Reached skill level 4 in Armour
 12036 | D:9      | Found a staircase to the Lair.
 12805 | D:9      | Identified the +0 ring mail of Monotheism {+Blink rPois
                  | Str+5}
 13267 | D:10     | Entered Level 10 of the Dungeon
 13439 | D:10     | Found a staircase to the Orcish Mines.
 13439 | D:10     | Noticed a two-headed ogre
 13447 | D:10     | Killed a two-headed ogre
 13448 | D:10     | Reached skill level 1 in Throwing
 13451 | D:10     | Found Redazamm's Armour Shoppe.
 13466 | D:10     | Reached skill level 5 in Dodging
 13687 | D:10     | Reached skill level 12 in Fighting
 13846 | D:10     | Noticed Fannar
 13854 | D:10     | Killed Fannar
 13855 | D:10     | Reached skill level 12 in Maces & Flails
 14052 | D:10     | Found a hide-covered altar of Uskayaw.
 14099 | D:10     | Found Iguwitha's Weapon Shoppe.
 14122 | D:10     | Reached skill level 2 in Throwing
 14311 | D:10     | Noticed Snorg
 14321 | D:10     | Killed Snorg
 14331 | D:10     | Received a gift from Okawaru
 14569 | D:10     | Noticed a centaur warrior
 14581 | D:10     | Killed a centaur warrior
 14582 | D:10     | Reached XP level 12. HP: 115/133 MP: 5/15
 14678 | D:10     | Noticed Amaemon
 14688 | D:10     | Killed Amaemon
 14689 | D:10     | Reached skill level 3 in Throwing
 14689 | D:10     | Reached skill level 5 in Armour
 15660 | D:11     | Noticed Sonja
 15824 | D:11     | Killed Sonja
 15824 | D:11     | Received a gift from Okawaru
 16580 | D:12     | Noticed Maurice
 16585 | D:12     | Killed Maurice
 16585 | D:12     | Noticed a two-headed ogre
 16586 | D:12     | Reached skill level 6 in Dodging
 16591 | D:12     | Killed a two-headed ogre
 16825 | D:12     | Noticed a death knight
 16845 | D:12     | Reached skill level 4 in Throwing
 17120 | D:12     | Reached skill level 13 in Fighting
 17449 | Lair:1   | Entered Level 1 of the Lair of Beasts
 17572 | Lair:1   | Reached skill level 13 in Maces & Flails
 18429 | Lair:1   | Identified the +6 great mace of Skirmishing {pain, Dex+3}
                  | (Okawaru gifted it to you on level 1 of the Lair of Beasts)
 18429 | Lair:1   | Received a gift from Okawaru
 18435 | Lair:1   | Reached skill level 6 in Armour
 18435 | Lair:1   | Reached XP level 13. HP: 64/144 MP: 5/16
 18709 | Lair:1   | Reached skill level 5 in Throwing
 19043 | Lair:2   | Reached skill level 7 in Dodging
 19426 | Lair:2   | Found a staircase to the Snake Pit.
 19589 | Lair:2   | Received a gift from Okawaru
 19637 | Lair:2   | You fall into a shaft and drop 2 floors!
 20568 | Lair:2   | Reached skill level 14 in Fighting
 20765 | Lair:3   | Reached skill level 14 in Maces & Flails
 20972 | Lair:3   | Reached skill level 6 in Throwing
 21282 | Lair:3   | Received a gift from Okawaru
 21648 | Lair:3   | HP: 34/146 [manticore (8)]
 21649 | Lair:3   | HP: 15/146 [four-headed hydra (3)]
 22153 | Lair:3   | Received a gift from Okawaru
 22153 | Lair:3   | Found the +3 crown of Dyrovepreva {rElec Int+2 SInv}
 22392 | Lair:3   | Reached skill level 7 in Armour
 22519 | Lair:3   | Found a staircase to the Shoals.
 22538 | Lair:3   | Reached XP level 14. HP: 122/157 MP: 17/17
 22774 | Lair:3   | Reached skill level 8 in Dodging
 23430 | Lair:4   | Reached skill level 7 in Throwing
 23844 | Lair:4   | Found a viscous altar of Jiyva.
 23845 | Lair:4   | Found a staircase to the Slime Pits.
 24541 | Lair:5   | Entered Level 5 of the Lair of Beasts
 24545 | Lair:5   | Noticed Nessos
 24758 | Lair:5   | Reached skill level 15 in Fighting
 24759 | Lair:5   | Received a gift from Okawaru
 24760 | Lair:5   | Reached skill level 15 in Maces & Flails
 25251 | Lair:5   | Received a gift from Okawaru
 25519 | Lair:5   | Killed Nessos
 25522 | Lair:5   | HP: 37/159 [poisoned by Nessos]
 25527 | Lair:5   | HP: 33/159 [poisoned by Nessos]
 25785 | Lair:5   | Reached skill level 8 in Throwing
 26048 | Lair:4   | Reached skill level 8 in Armour
 26321 | Lair:4   | Reached skill level 9 in Dodging
 26321 | Lair:4   | Reached XP level 15. HP: 120/167 MP: 18/18
 26860 | Lair:5   | Received a gift from Okawaru
 26892 | Lair:5   | HP: 42/169 [poisoned by a cane toad]
 26897 | Lair:5   | HP: 30/169 [poisoned by a cane toad]
 26909 | Lair:5   | HP: 26/169 [black mamba (5)]
 27158 | Lair:5   | Identified the +0 hat "Mopsue" {+Inv rElec Dex-2 Stlth+}
                  | (Okawaru gifted it to you on level 5 of the Lair of Beasts)
 27158 | Lair:5   | Received a gift from Okawaru
 27547 | Lair:5   | Reached skill level 16 in Fighting
 27557 | Lair:5   | Reached skill level 16 in Maces & Flails
 27561 | Lair:5   | HP: 42/170 [poisoned by a guardian serpent (bolt of
                  | poison)]
 27566 | Lair:5   | HP: 38/170 [poisoned by a guardian serpent (bolt of
                  | poison)]
 27571 | Lair:5   | HP: 36/170 [poisoned by a guardian serpent (bolt of
                  | poison)]
 29393 | Orc:1    | Entered Level 1 of the Orcish Mines
 29424 | Orc:1    | Found a frozen archway.
 29461 | IceCv    | Entered an ice cave
 29968 | Orc:2    | Entered Level 2 of the Orcish Mines
 29989 | Orc:2    | Noticed an orc warlord
 29990 | Orc:2    | Reached skill level 9 in Armour
 30077 | Orc:1    | HP: 39/171 [orc warlord/+0 battleaxe (25)]
 30115 | Orc:1    | Killed an orc warlord
 30351 | Orc:1    | Noticed Josephine
 30357 | Orc:1    | Killed Josephine
 30357 | Orc:1    | Received a gift from Okawaru
 30358 | Orc:1    | Reached skill level 10 in Dodging
 30626 | Orc:2    | Noticed an orc warlord
 30640 | Orc:2    | Killed an orc warlord
 30681 | Orc:2    | Reached XP level 16. HP: 168/180 MP: 19/19
 30849 | Orc:2    | Found Siemn's Book Shop.
 31089 | Orc:2    | Found Nonaff's Antique Weapon Shop.
 31089 | Orc:2    | Found Ywuaj's General Store.
 31091 | Orc:2    | Found Kemer's Armour Emporium.
 31097 | Orc:2    | Found Duros's Weapon Boutique.
 31103 | Orc:2    | Bought a potion of heal wounds for 70 gold pieces
 31268 | Orc:2    | Found a staircase to the Elven Halls.
 31523 | Snake:1  | Entered Level 1 of the Snake Pit
 31900 | D:13     | Reached skill level 17 in Fighting
 31915 | D:13     | HP: 45/183 [vampire mosquito (4)]
 31917 | D:13     | HP: 4/183 [red ugly thing (21)]
 31918 | D:13     | Slain by a vampire mosquito

Illustrated notes

Levels and vault maps discovered:
D:1:      dpeg_arrival_prison, layout_loops_ring
D:2:      cheibrodos_fertilizer, layout_loops_ring, basic_altar,
          hellmonk_ecumenical_altar_inner_sanctum
D:3:      layout_basic, fedhas_altar_1, lemuel_round_altar, uniq_robin
D:4:      layout_gridville, mainiacjoe_overflow_tiny_flanked,
          mainiacjoe_overflow_alcove_2, mainiacjoe_overflow_alcove_4,
          temple_statues, minmay_misc_feat_plants, uniq_blork_the_orc,
          uniq_edmund, uniq_crazy_yiuf_cottage
D:5:      minmay_goblin_kobold_castle, layout_basic, eino_tiny_chamber
D:6:      layout_rooms, uniq_duvessa
D:7:      layout_layer_cave, chequers_temple_overflow_statue_of_worship,
          serial_shops, shop, serial_glass, glass_columns_a, glass_columns_a,
          enter_bailey_5, uniq_pikel
D:8:      minmay_cornered_nines, layout_gridville,
          gammafunk_temple_overflow_statue
D:9:      layout_cave_pods, david_lair_generic
D:10:     layout_stronghold, nicolae_uskayaw_suspiria, orc_david_3,
          serial_shops, nicolae_shop_tiny_glass, uniq_amaemon, uniq_fannar,
          uniq_snorg
D:11:     layout_gridville, uniq_sonja
D:12:     layout_long_grid, uniq_maurice
D:13:     minmay_ornate_pinched, layout_long_grid
Temple:   hellmonk_temple_of_storms
Lair:1:   layout_roguey, minivault_25
Lair:2:   layout_regular_city, minmay_snake_entry_guardpost_large,
          lemuel_fruit_fields, infiniplex_staircase_pool_2
Lair:3:   layout_gridlike, elwin_shoals_entry_stream, special_room
          [special_room_mythical_zoo]
Lair:4:   layout_layer_cave, slime_entry_1
Lair:5:   hangedman_lair_caniforms_friends, layout_cave_pods,
          hangedman_lair_tendril_chambers, minmay_lindwurm_lava, uniq_nessos
Snake:1:  layout_onion_interference, grunt_ministairs_4,
          nicolae_wooded_promenade, uniq_rupert
Orc:1:    layout_caves, portal_ice_cave_entry_imps, basic_altar, uniq_josephine
Orc:2:    st_orc_rangers, layout_caves, basic_altar, serial_shops, shop

Skill      XL: |  1  2  3  4  5  6  7  8  9 10 11 12 13 14 15 16 |
---------------+-------------------------------------------------+-----
Maces & Flails | 2 3 4 6 8 10 11 12 13 14 15 16 | 16.9
Fighting       | 5 6 8 10 11 12 13 14 15 16 17 | 17.0
Armour         | 1 3 4 6 7 8 9 |  9.3
Invocations    | 2 4 5 |  5.0
Dodging        | 4 5 6 7 9 10 | 10.2
Throwing       | 2 4 6 8 |  8.0
Stealth        | |  3.7

Action                     |  1- 3 |  4- 6 |  7- 9 | 10-12 | 13-15 | 16-18 || total
---------------------------+-------+-------+-------+-------+-------+-------++-------
  Melee: Mace              |    20 |   195 |       |       |       |       ||   215
         Quarterstaff      |       |    18 |   233 |   491 |     7 |       ||   749
         Great mace        |       |       |       |       |   994 |   122 ||  1116
  Throw: Dart              |       |       |       |    19 |     3 |       ||    22
         Large rock        |       |       |       |    17 |    51 |     1 ||    69
 Invoke: Heroism           |       |       |     2 |    24 |    27 |     2 ||    55
         Finesse           |       |       |       |       |     1 |       ||     1
  Evoke: Wand              |       |       |     7 |     4 |       |       ||    11
    Use: Potion            |     1 |     2 |       |     3 |     4 |       ||    10
         Scroll            |       |       |    15 |     9 |     4 |       ||    28
   Stab: Sleeping          |       |     9 |     8 |     5 |     5 |     2 ||    29
         Distracted        |       |       |     2 |       |     2 |       ||     4
         Petrified         |       |       |       |       |     2 |       ||     2
 Armour: Robe              |     5 |    33 |       |    27 |       |       ||    65
         Animal skin       |       |    25 |    73 |    63 |       |       ||   161
         Acid dragon scale |       |       |       |    36 |   358 |       ||   394
         Troll leather arm |       |       |       |       |    54 |    41 ||    95
  Dodge: Dodged            |     9 |   125 |   126 |   217 |   594 |   103 ||  1174
  Block: Other             |       |       |       |       |   214 |    38 ||   252
         Reflection        |       |       |       |       |     7 |     9 ||    16

Levels and vault maps discovered:
D:1:      dpeg_arrival_prison, layout_loops_ring
D:2:      cheibrodos_fertilizer, layout_loops_ring, basic_altar,
          hellmonk_ecumenical_altar_inner_sanctum
D:3:      layout_basic, fedhas_altar_1, lemuel_round_altar, uniq_robin
D:4:      layout_gridville, mainiacjoe_overflow_tiny_flanked,
          mainiacjoe_overflow_alcove_2, mainiacjoe_overflow_alcove_4,
          temple_statues, minmay_misc_feat_plants, uniq_blork_the_orc,
          uniq_edmund, uniq_crazy_yiuf_cottage
D:5:      minmay_goblin_kobold_castle, layout_basic, eino_tiny_chamber
D:6:      layout_rooms, uniq_duvessa
D:7:      layout_layer_cave, chequers_temple_overflow_statue_of_worship,
          serial_shops, shop, serial_glass, glass_columns_a, glass_columns_a,
          enter_bailey_5, uniq_pikel
D:8:      minmay_cornered_nines, layout_gridville,
          gammafunk_temple_overflow_statue
D:9:      layout_cave_pods, david_lair_generic
D:10:     layout_stronghold, nicolae_uskayaw_suspiria, orc_david_3,
          serial_shops, nicolae_shop_tiny_glass, uniq_amaemon, uniq_fannar,
          uniq_snorg
D:11:     layout_gridville, uniq_sonja
D:12:     layout_long_grid, uniq_maurice
D:13:     minmay_ornate_pinched, layout_long_grid
Temple:   hellmonk_temple_of_storms
Lair:1:   layout_roguey, minivault_25
Lair:2:   layout_regular_city, minmay_snake_entry_guardpost_large,
          lemuel_fruit_fields, infiniplex_staircase_pool_2
Lair:3:   layout_gridlike, elwin_shoals_entry_stream, special_room
          [special_room_mythical_zoo]
Lair:4:   layout_layer_cave, slime_entry_1
Lair:5:   hangedman_lair_caniforms_friends, layout_cave_pods,
          hangedman_lair_tendril_chambers, minmay_lindwurm_lava, uniq_nessos
Snake:1:  layout_onion_interference, grunt_ministairs_4,
          nicolae_wooded_promenade, uniq_rupert
Orc:1:    layout_caves, portal_ice_cave_entry_imps, basic_altar, uniq_josephine
Orc:2:    st_orc_rangers, layout_caves, basic_altar, serial_shops, shop

Table legend: (Time is in decaauts)
 A = Elapsed time spent in this place.
 B = Non-inter-level travel time spent in this place.
 C = Inter-level travel time spent in this place.
 D = Time resting spent in this place.
 E = Time spent auto-exploring this place.
 F = Levels seen in this place.
 G = Mean time per level.
                   A        B        C        D        E       F      G
               +--------+--------+--------+--------+--------+-----+--------+
         Total |  31746 |  30203 |   1543 |   2437 |  22606 |  24 | 1322.8 |
       Dungeon |  16914 |  15939 |    975 |   1432 |  12024 |  13 | 1301.1 |
        Temple |     29 |     21 |      8 |      0 |      9 |   1 |   29.0 |
          Lair |  11902 |  11455 |    447 |    418 |   9182 |   5 | 2380.4 |
     Snake Pit |    146 |    103 |     43 |      0 |     85 |   1 |  146.0 |
  Orcish Mines |   1659 |   1590 |     69 |     67 |   1061 |   2 |  829.5 |
        Bailey |    745 |    745 |      0 |    390 |    161 |   1 |  745.0 |
      Ice Cave |    349 |    349 |      0 |    129 |     84 |   1 |  349.0 |
               +--------+--------+--------+--------+--------+-----+--------+

Top non-repeatable levels by time:
  Lair:5: 3979 daAuts
  Lair:3: 2670 daAuts
     D:5: 2383 daAuts
     D:8: 2245 daAuts
    D:10: 2154 daAuts
  Lair:4: 2124 daAuts
  Lair:2: 1706 daAuts
     D:9: 1498 daAuts
  Lair:1: 1421 daAuts
     D:2: 1392 daAuts
     D:7: 1383 daAuts
     D:4: 1129 daAuts
    D:11: 1100 daAuts
     D:6: 990 daAuts
    D:12: 960 daAuts

Table legend:
 A = Kills in this place as a percentage of kills in the entire game.
 B = Kills by you in this place as a percentage of kills by you in the entire game.
 C = Kills by friends in this place as a percentage of kills by friends in the entire game.
 D = Other kills in this place as a percentage of other kills in the entire game.
 E = Experience gained in this place as a percentage of experience gained in the entire game.
 F = Experience gained in this place divided by the number of levels of this place that you have seen.
                   A       B       C       D       E      F
               +-------+-------+-------+-------+-------+----------------------
         Total | 100.0 | 100.0 |   N/A | 100.0 | 100.0 | 5745.2
       Dungeon |  43.5 |  43.5 |   N/A |  50.0 |  19.9 | 2107.5
          Lair |  36.8 |  36.7 |   N/A |  50.0 |  64.2 | 17714.0
     Snake Pit |   0.5 |   0.5 |   N/A |   0.0 |   1.8 | 2521.0
  Orcish Mines |  15.3 |  15.3 |   N/A |   0.0 |  10.3 | 7135.0
        Bailey |   2.2 |   2.2 |   N/A |   0.0 |   1.0 | 1411.0
      Ice Cave |   1.7 |   1.7 |   N/A |   0.0 |   2.7 | 3715.0
               +-------+-------+-------+-------+-------+----------------------
